MLB
MILWAUKEE BREWERS @ CLEVELAND GUARDIANS
04/01/2047
 
TOP OF THE 1ST
Milwaukee Brewers batting - Pitching for Cleveland Guardians : RHP Ben Cole
Pitching: RHP Ben Cole
Batting: RHB Akitada Nishizawa 0-0: Ball
1-0: Ball
2-0: Called Strike
2-1: Ball
3-1: Foul Ball, location: 2F
3-2: Foul Ball, location: 2F
3-2: Foul Ball, location: 2F
3-2: Fly out, F8 (Flyball, 89M, EV 82.5 MPH)
Batting: SHB Junzo Kato 0-0: Ball
1-0: Ball
2-0: Called Strike
2-1: Ball
3-1: SINGLE (Groundball, 3S, EV 66.9 MPH) (infield hit)
Batting: RHB Bobby Muniz 0-0: Swinging Strike
0-1: Called Strike
0-2: Strikes out swinging
Batting: SHB Lewis Thorpe Jr. 0-0: Ball
1-0: Fielders Choice at 2nd, 5-4 (Groundball, 5, EV 87.5 MPH)
Top of the 1st over - 0 runs, 1 hit, 0 errors, 1 left on base; Milwaukee 0 - Cleveland 0
BOTTOM OF THE 1ST
Cleveland Guardians batting - Pitching for Milwaukee Brewers : LHP Lewis Thorpe Jr.
Pitching: LHP Lewis Thorpe Jr.
Batting: LHB Arvin Dungca 0-0: Called Strike
0-1: Foul Ball, location: 2F
0-2: Ball
1-2: Foul Ball, location: 2F
1-2: DOUBLE (Flyball, 8RXD, EV 96.2 MPH)
Batting: RHB Blake Ballard 0-0: Called Strike
Arvin Dungca steals 3rd base
0-1: Swinging Strike
0-2: 2-RUN HOME RUN (Flyball, 7D, EV 96.9 MPH), Distance : 385 ft
Batting: RHB Nick Ogle 0-0: Swinging Strike
0-1: Swinging Strike
0-2: Ground out U3 (Groundball, 13, EV 88.8 MPH)
Batting: RHB Alex Rodriguez Jr. 0-0: Ball
1-0: Called Strike
1-1: Ball
2-1: Foul Ball, location: 2F
2-2: Strikes out swinging
Batting: RHB Hiroshige Yamada 0-0: SINGLE (Line Drive, 9S, EV 111.2 MPH)
Batting: RHB Drtian Thaqi 0-0: Foul Ball, location: 2F
0-1: Ball
1-1: Ball
2-1: Foul Ball, location: 2F
2-2: Ball
3-2: Base on Balls
Hiroshige Yamada to second
Batting: LHB Hector Pedroso 0-0: Ball
1-0: Called Strike
1-1: Ground out U3 (Groundball, 3S, EV 86.9 MPH)
Bottom of the 1st over - 2 runs, 3 hits, 0 errors, 2 left on base; Milwaukee 0 - Cleveland 2
TOP OF THE 2ND
Milwaukee Brewers batting - Pitching for Cleveland Guardians : RHP Ben Cole
Batting: SHB Pat Wilson 0-0: Ball
1-0: Called Strike
1-1: Foul Ball, location: 2F
1-2: Ball
2-2: Strikes out swinging
Batting: RHB Noah Stanley 0-0: Foul Ball, location: 2F
0-1: Ball
1-1: Swinging Strike
1-2: Strikes out swinging
Batting: RHB Daniel Donovan 0-0: Foul Ball, location: 2F
0-1: Foul Ball, location: 2F
0-2: Ball
1-2: Reached on error, E4 (Groundball, 4, EV 109.4 MPH)
Batting: RHB Kisho Ito 0-0: Fielders Choice at 2nd, 5-4 (Groundball, 5, EV 92.5 MPH)
Top of the 2nd over - 0 runs, 0 hits, 1 error, 1 left on base; Milwaukee 0 - Cleveland 2
BOTTOM OF THE 2ND
Cleveland Guardians batting - Pitching for Milwaukee Brewers : LHP Lewis Thorpe Jr.
Batting: LHB Kyle Schaible 0-0: Ball
1-0: Ground out U3 (Groundball, 3L, EV 108.1 MPH)
Batting: RHB Nick Gentzel 0-0: Foul Ball, location: 2F
0-1: Ground out 4-3 (Groundball, 4, EV 107.5 MPH)
Batting: LHB Arvin Dungca 0-0: Called Strike
0-1: Swinging Strike
0-2: Ball
1-2: Ball
2-2: Ground out 4-3 (Groundball, 4, EV 83.1 MPH)
Bottom of the 2nd over - 0 runs, 0 hits, 0 errors, 0 left on base; Milwaukee 0 - Cleveland 2
TOP OF THE 3RD
Milwaukee Brewers batting - Pitching for Cleveland Guardians : RHP Ben Cole
Batting: RHB Dave Gonzalez 0-0: Called Strike
0-1: Swinging Strike
0-2: SINGLE (Line Drive, 9S, EV 110.6 MPH)
Batting: RHB Akitada Nishizawa 0-0: Called Strike
0-1: Foul Ball, location: 2F
0-2: Ball
1-2: Ball
2-2: Fly out, F8 (Flyball, 8LM, EV 85.6 MPH)
Batting: SHB Junzo Kato 0-0: Foul Ball, location: 2F
0-1: Foul Ball, location: 2F
0-2: Strikes out looking
Batting: RHB Bobby Muniz 0-0: Ball
1-0: Ball
2-0: Foul Ball, location: 2F
2-1: 2-RUN HOME RUN (Flyball, 78XD, EV 98.1 MPH), Distance : 386 ft
Batting: SHB Lewis Thorpe Jr. 0-0: Called Strike
0-1: Called Strike
0-2: Ball
1-2: Ball
2-2: Ball
3-2: Foul Ball, location: 2F
3-2: Base on Balls
Batting: SHB Pat Wilson 0-0: Ball
Lewis Thorpe Jr. steals 2nd base
1-0: DOUBLE (Line Drive, 3D, EV 99.4 MPH)
Lewis Thorpe Jr. scores
Batting: RHB Noah Stanley 0-0: Called Strike
0-1: Ground out 5-3 (Groundball, 56S, EV 64.4 MPH)
Top of the 3rd over - 3 runs, 3 hits, 0 errors, 1 left on base; Milwaukee 3 - Cleveland 2
BOTTOM OF THE 3RD
Cleveland Guardians batting - Pitching for Milwaukee Brewers : LHP Lewis Thorpe Jr.
Batting: RHB Blake Ballard 0-0: Ball
1-0: Ball
2-0: Called Strike
2-1: Ground out 2-3 (Groundball, 15S, EV 75.0 MPH)
Batting: RHB Nick Ogle 0-0: Called Strike
0-1: Ball
1-1: Foul Ball, location: 2F
1-2: Strikes out looking
Batting: RHB Alex Rodriguez Jr. 0-0: Ground out 6-3 (Groundball, 6, EV 82.5 MPH)
Bottom of the 3rd over - 0 runs, 0 hits, 0 errors, 0 left on base; Milwaukee 3 - Cleveland 2
TOP OF THE 4TH
Milwaukee Brewers batting - Pitching for Cleveland Guardians : RHP Ben Cole
Batting: RHB Daniel Donovan 0-0: Called Strike
0-1: Ball
1-1: Foul Ball, location: 2F
1-2: Foul Ball, location: 2F
1-2: Strikes out swinging
Batting: RHB Kisho Ito 0-0: Ball
1-0: Fly out, F9 (Flyball, 89M, EV 90.0 MPH)
Batting: RHB Dave Gonzalez 0-0: Foul Ball, location: 2F
0-1: Ball
1-1: Ball
2-1: Swinging Strike
2-2: Foul Ball, location: 2F
2-2: Strikes out swinging
Top of the 4th over - 0 runs, 0 hits, 0 errors, 0 left on base; Milwaukee 3 - Cleveland 2
BOTTOM OF THE 4TH
Cleveland Guardians batting - Pitching for Milwaukee Brewers : LHP Lewis Thorpe Jr.
Batting: RHB Hiroshige Yamada 0-0: Ball
1-0: Ball
2-0: Ball
3-0: Called Strike
3-1: Called Strike
3-2: Base on Balls
Batting: RHB Drtian Thaqi 0-0: Grounds into double play, 6-4-3 (Groundball, 6M, EV 101.2 MPH)
Batting: LHB Hector Pedroso 0-0: Ground out 4-3 (Groundball, 4, EV 77.5 MPH)
Bottom of the 4th over - 0 runs, 0 hits, 0 errors, 0 left on base; Milwaukee 3 - Cleveland 2
TOP OF THE 5TH
Milwaukee Brewers batting - Pitching for Cleveland Guardians : RHP Ben Cole
Batting: RHB Akitada Nishizawa 0-0: Ball
1-0: Ball
2-0: Ground out 5-3 (Groundball, 56, EV 103.8 MPH)
DELAY Rain delay of 29 minutes in the 5th inning.
Batting: SHB Junzo Kato 0-0: Ball
1-0: Fly out, F7 (Flyball, 7S, EV 79.4 MPH)
Batting: RHB Bobby Muniz 0-0: Foul Ball, location: 2F
0-1: Ball
1-1: Ball
2-1: Fly out, F9 (Flyball, 89M, EV 95.0 MPH)
Top of the 5th over - 0 runs, 0 hits, 0 errors, 0 left on base; Milwaukee 3 - Cleveland 2
BOTTOM OF THE 5TH
Cleveland Guardians batting - Pitching for Milwaukee Brewers : LHP Lewis Thorpe Jr.
Batting: LHB Kyle Schaible 0-0: Foul Ball, location: 2F
0-1: SINGLE (Groundball, 34D, EV 110.0 MPH)
Batting: RHB Nick Gentzel 0-0: Fly out, F9 (Flyball, 89M, EV 83.1 MPH)
Batting: LHB Arvin Dungca 0-0: Hit by Pitch
Kyle Schaible to second
Batting: RHB Blake Ballard 0-0: Called Strike
0-1: Called Strike
0-2: DOUBLE (Flyball, 89XD, EV 96.2 MPH)
Kyle Schaible scores
Arvin Dungca to third
Batting: RHB Nick Ogle 0-0: Ball
1-0: Ball
2-0: Ball
3-0: Called Strike
3-1: Swinging Strike
3-2: Foul Ball, location: 2F
3-2: Base on Balls
Batting: RHB Alex Rodriguez Jr. 0-0: Ball
1-0: Ball
2-0: Ball
3-0: Base on Balls
Arvin Dungca scores
Blake Ballard to third
Nick Ogle to second
Batting: RHB Hiroshige Yamada 0-0: Foul Ball, location: 2F
0-1: Ball
1-1: Foul Ball, location: 2F
1-2: Hit by Pitch
Blake Ballard scores
Nick Ogle to third
Alex Rodriguez Jr. to second
Batting: RHB Drtian Thaqi 0-0: DOUBLE (Line Drive, 9LD, EV 109.4 MPH)
Nick Ogle scores
Alex Rodriguez Jr. scores
Hiroshige Yamada to third
Runner from 3rd tries for Home, SAFE, throw by RF to home
Pitching: LHP Antonio Diaz
Batting: LHB Hector Pedroso 0-0: Called Strike
0-1: Swinging Strike
0-2: Ball
1-2: Strikes out swinging, 2-3 out at first.
Batting: LHB Kyle Schaible 0-0: Ball
1-0: Called Strike
1-1: Foul Ball, location: 2F
1-2: Strikes out swinging
Bottom of the 5th over - 6 runs, 3 hits, 0 errors, 1 left on base; Milwaukee 3 - Cleveland 8
TOP OF THE 6TH
Milwaukee Brewers batting - Pitching for Cleveland Guardians : RHP Ben Cole
Batting: SHB Lewis Thorpe Jr. 0-0: Called Strike
0-1: Foul Ball, location: 2F
0-2: Ball
1-2: Foul Ball, location: 2F
1-2: Ball
2-2: SINGLE (Line Drive, 78S, EV 103.1 MPH)
Batting: SHB Pat Wilson 0-0: Ball
1-0: Called Strike
1-1: Ball
2-1: Ball
3-1: Base on Balls
Lewis Thorpe Jr. to second
Batting: RHB Noah Stanley 0-0: Grounds into double play, 4-6-3 (Groundball, 4, EV 86.2 MPH)
Lewis Thorpe Jr. to third
Batting: RHB Daniel Donovan 0-0: Called Strike
0-1: Called Strike
0-2: Ball
1-2: Ball
2-2: Ball
3-2: Ground out 4-3 (Groundball, 4, EV 86.9 MPH)
Top of the 6th over - 0 runs, 1 hit, 0 errors, 1 left on base; Milwaukee 3 - Cleveland 8
BOTTOM OF THE 6TH
Cleveland Guardians batting - Pitching for Milwaukee Brewers : LHP Antonio Diaz
Batting: RHB Nick Gentzel 0-0: Ball
1-0: Ball
2-0: Ball
3-0: Called Strike
3-1: SINGLE (Groundball, P, EV 88.1 MPH) (infield hit)
Batting: LHB Arvin Dungca 0-0: Ball
Nick Gentzel is caught stealing 2nd base 2-6
1-0: Called Strike
1-1: Called Strike
1-2: Fly out, F8 (Flyball, 8RS, EV 81.9 MPH)
Batting: RHB Blake Ballard 0-0: Ball
1-0: SOLO HOME RUN (Flyball, 7D, EV 99.4 MPH), Distance : 387 ft
Batting: RHB Nick Ogle 0-0: Called Strike
0-1: Ground out 6-3 (Groundball, 6, EV 82.5 MPH)
Bottom of the 6th over - 1 run, 2 hits, 0 errors, 0 left on base; Milwaukee 3 - Cleveland 9
TOP OF THE 7TH
Milwaukee Brewers batting - Pitching for Cleveland Guardians : RHP Ben Cole
Batting: RHB Kisho Ito 0-0: Ball
1-0: Ball
2-0: Ball
3-0: Called Strike
3-1: Swinging Strike
3-2: Reached on error, E1 (Groundball, 15S, EV 71.2 MPH)
Pitching: RHP Dennis Beals
Batting: RHB Dave Gonzalez 0-0: Swinging Strike
0-1: Ball
1-1: Called Strike
Kisho Ito is caught stealing 2nd base 2-4
1-2: Strikes out looking
Batting: RHB Akitada Nishizawa 0-0: SOLO HOME RUN (Flyball, 7D, EV 98.8 MPH), Distance : 372 ft
Batting: SHB Junzo Kato 0-0: Called Strike
0-1: Fly out, F8 (Flyball, 8LXD, EV 87.5 MPH)
Top of the 7th over - 1 run, 1 hit, 1 error, 0 left on base; Milwaukee 4 - Cleveland 9
BOTTOM OF THE 7TH
Cleveland Guardians batting - Pitching for Milwaukee Brewers : LHP Antonio Diaz
Batting: RHB Alex Rodriguez Jr. 0-0: Ball
1-0: Ball
2-0: Ball
3-0: Base on Balls
Batting: RHB Hiroshige Yamada 0-0: Ball
Alex Rodriguez Jr. steals 2nd base (no throw)
1-0: Ball
2-0: 2-RUN HOME RUN (Flyball, 78XD, EV 101.9 MPH), Distance : 406 ft
Pinch Hitting: SHB Joe Zeiset 0-0: Ball
1-0: Foul Ball, location: 2F
1-1: Ground out 6-3 (Groundball, 6, EV 108.8 MPH)
Pinch Hitting: LHB Joseph Martin 0-0: Ball
1-0: Ball
2-0: Swinging Strike
2-1: Ball
3-1: Foul Ball, location: 2F
3-2: Foul Ball, location: 2F
3-2: Foul Ball, location: 2F
3-2: Foul Ball, location: 2F
3-2: Foul Ball, location: 2F
3-2: Foul Ball, location: 2F
3-2: Fly out, F8 (Flyball, 8RD, EV 95.0 MPH)
Batting: LHB Kyle Schaible 0-0: Foul Ball, location: 2F
0-1: Swinging Strike
0-2: Strikes out looking
Bottom of the 7th over - 2 runs, 1 hit, 0 errors, 0 left on base; Milwaukee 4 - Cleveland 11
TOP OF THE 8TH
Milwaukee Brewers batting - Pitching for Cleveland Guardians : RHP Dennis Beals
Now at 3B: Rick O'Reilly
Now in LF: Joseph Martin
Batting: RHB Bobby Muniz 0-0: Ball
1-0: Ball
2-0: Fly out, F7 (Flyball, 78S, EV 76.9 MPH)
Batting: SHB Lewis Thorpe Jr. 0-0: Ball
1-0: Called Strike
1-1: Ball
2-1: Foul Ball, location: 2F
2-2: Foul Ball, location: 2F
2-2: Ball
3-2: Fly out, F8 (Flyball, 8RM, EV 85.0 MPH)
Pinch Hitting: LHB Chad Persaud 0-0: Fly out, F9 (Line Drive, 89M, EV 83.8 MPH)
Top of the 8th over - 0 runs, 0 hits, 0 errors, 0 left on base; Milwaukee 4 - Cleveland 11
BOTTOM OF THE 8TH
Cleveland Guardians batting - Pitching for Milwaukee Brewers : LHP Antonio Diaz
Now in CF: Akitada Nishizawa
Now in RF: Chad Persaud
Batting: RHB Nick Gentzel 0-0: Ball
1-0: Ball
2-0: Fly out, F8 (Flyball, 8LM, EV 91.2 MPH)
Batting: LHB Arvin Dungca 0-0: Ball
1-0: Ball
2-0: Foul Ball, location: 2F
2-1: Foul Ball, location: 2F
2-2: Fly out, F8 (Line Drive, 8LM, EV 96.2 MPH)
Batting: RHB Blake Ballard 0-0: SINGLE (Groundball, 56D, EV 105.0 MPH)
Batting: RHB Nick Ogle 0-0: Ball
1-0: Ground out 4-3 (Groundball, 4, EV 100.6 MPH)
Bottom of the 8th over - 0 runs, 1 hit, 0 errors, 1 left on base; Milwaukee 4 - Cleveland 11
TOP OF THE 9TH
Milwaukee Brewers batting - Pitching for Cleveland Guardians : RHP Dennis Beals
Batting: RHB Noah Stanley 0-0: Ball
1-0: Foul Ball, location: 2F
1-1: Swinging Strike
1-2: Foul Ball, location: 2F
1-2: Ball
2-2: Fly out, F9 (Line Drive, 9D, EV 90.0 MPH)
Pinch Hitting: RHB Mike Thornton 0-0: Ball
1-0: Fly out, F8 (Flyball, 8LM, EV 76.2 MPH)
Batting: RHB Kisho Ito 0-0: Ball
1-0: Fly out, F3 (Line Drive, 3L, EV 67.5 MPH)
Top of the 9th over - 0 runs, 0 hits, 0 errors, 0 left on base; Milwaukee 4 - Cleveland 11
Thursday, December 15th , 2022 - OOTP Baseball 23.9 Build 102